 Dungeon Sprint DCSS version 0.17-a0-1996-gd2c0ec8 (webtiles) character file.

35292 hexophile the Brawler (level 13, -19/146 HPs)
             Began as a Troll Monk on Oct 7, 2015.
             Was a High Priest of Okawaru.
             Demolished by a juggernaut (99 damage)
             ... in the Dungeon (Sprint IX: "|||||||||||||||||||||||||||||").
             The game lasted 00:14:17 (3609 turns).

hexophile the Brawler (Troll Monk)                  Turns: 3609, Time: 00:14:18

Health: -19/146    AC: 25    Str: 22    XL:     13   Next: 46%
Magic:  9/16       EV: 16    Int:  9    God:    Okawaru [*****.]
Gold:   1590       SH:  0    Dex: 16    Spells: 1 memorised, 7 levels left

rFire  . . .     SeeInvis +       - Unarmed
rCold  + . .     Clarity  .     l - +0 shadow dragon armour {Stlth++++}
rNeg   . . .     SustAt   .     (no shield)
rPois  +         Gourm    +     p - +2 hat {Int+3} {Int+3}
rElec  .         Spirit   .     y - +1 cloak "Koxestraa" {+Inv rC+ rCorr}
rCorr  +         Warding  .     (gloves unavailable)
rMut   .         NoTele   +     (boots unavailable)
MR     .....                    (no amulet)
Stlth  ++++......               A - ring of poison resistance {rPois}
                                m - ring of see invisible {SInv}

@: heroism, finesse, very slightly contaminated, not resistant to hostile
enchantments, stealthy
A: unfitting armour, claws 3, fast metabolism 3, gourmand, low mp 1,
regeneration 2, screaming 1, shaggy fur 1, tough skin 2
a: Heroism, Finesse, Renounce Religion, Evoke Invisibility


You were in the Dungeon.
You worshipped Okawaru.
Okawaru was extremely pleased with you.
You were very full.

You visited 1 branch You collected 1915 gold pieces.
You spent 325 gold pieces at shops.


Innate Abilities, Weirdness & Mutations

You are too large for most types of armour.
You have claws for hands.
Your metabolism is lightning-fast.
You like to eat raw meat.
You heal very quickly.
You are covered in fur (AC +1).
You have very tough skin (AC +2).
Your magical capacity is low (-10% MP).
You occasionally shout uncontrollably at your foes.

Inventory:

Hand Weapons
 s - the +3 halberd "Koman" {freeze, rC++ Str+5}
   (Okawaru gifted it to you in the Dungeon)

   It has been specially enchanted to freeze those struck by it, causing extra
   injury to most foes and up to half again as much damage against particularly
   susceptible opponents.
   It can also slow down cold-blooded creatures.
   It affects your strength (+5).
   It greatly protects you from cold.
Missiles
 d - 6 large rocks (quivered)
Armour
 e - a +0 ice dragon armour {rC++ rF-}
 l - a +0 shadow dragon armour (worn) {Stlth++++}
 p - a +2 hat of intelligence (worn) {Int+3}
 y - the +1 cloak "Koxestraa" (worn) {+Inv rC+ rCorr}
   (Okawaru gifted it to you in the Dungeon)

   It protects you from cold.
   It lets you turn invisible.
   It protects you from acid and corrosion.
Jewellery
 m - a ring of see invisible (left claw) {SInv}
 A - a ring of poison resistance (right claw) {rPois}
Wands
 k - a wand of cold (0)
Scrolls
 i - 5 scrolls of remove curse
 j - 2 scrolls of amnesia
 r - 3 scrolls of enchant weapon
 t - 3 scrolls of identify
 v - a scroll of enchant armour
Potions
 c - 5 potions of curing
 f - 5 potions of magic
 g - 2 potions of berserk rage
 n - a potion of brilliance
 o - 2 potions of might
Books
 z - a book of Changes

   Spells                             Type                      Level
   a - Beastly Appendage              Transmutation                1
   b - Sticks to Snakes               Transmutation                2
   c - Spider Form                    Transmutation/Poison         3
   d - Ice Form                       Ice/Transmutation            4
   e - Blade Hands                    Transmutation                5
Comestibles
 a - 2 chunks of flesh
 b - 14 bread rations
 q - a slice of pizza
 w - 37 fruits
 x - 12 meat rations


You had 7 spell levels left.
You knew the following spells:

 Your Spells              Type           Power        Failure   Level  Hunger
a - Blade Hands           Trmt           ###.......   52%         5    ######.


   Skills:
 - Level 14.0(19.0) Fighting
 + Level 12.5(17.5) Armour
 - Level 13.7(18.7) Dodging
 - Level 1.1(6.1) Stealth
 - Level 18.1(23.1) Unarmed Combat
 + Level 11.1 Transmutations
 - Level 8.4 Invocations

Dungeon Overview and Level Annotations

Branches:
Dungeon (1/1)

Altars:
Cheibriados
Dithmenos
Elyvilon
Fedhas
Gozag
Kikubaaqudgha
Makhleb
Nemelex Xobeh
Okawaru
Qazlal
Ru
Sif Muna
Trog
Vehumet
Xom
Yredelemnul
Zin
The Shining One
Beogh
Jiyva
Lugonu

Shops:
D (:%%

Vault maps used:
D:        linesprint
You       could see a juggernaut.


Message History

You finish taking off your +0 shadow dragon armour {Stlth++++}.
You start putting on your armour.
You continue putting on your +0 ice dragon armour {rC++ rF-}. x5
You finish putting on your +0 ice dragon armour {rC++ rF-}.
Wield which item (- for none, * to show all)? (? for menu, Esc to quit)
Okay, then.
Search for what [Enter for "god", or ? for help]? armour Drop what? 25/52 slots (_ for help) (? for menu, Esc to quit)
You start removing your armour.
You continue taking off your +0 ice dragon armour {rC++ rF-}. x4
You finish taking off your +0 ice dragon armour {rC++ rF-}.
Wield which item (- for none, * to show all)? (? for menu, Esc to quit)
Okay, then.
Wear which item? (? for menu, Esc to quit)
You start putting on your armour.
You continue putting on your +0 shadow dragon armour {Stlth++++}. x4
You finish putting on your +0 shadow dragon armour {Stlth++++}.
The juggernaut shouts!
Use which ability?
You can now deal lightning-fast blows.
You feel somewhat less full.
You now have 11/16 mp.
Use which ability?
You feel more confident with your borrowed prowess.
You feel slightly less full. The juggernaut hits you!!!
You take 68 damage, and have 78/146 hp.
MASSIVE DAMAGE!!
You now have 9/16 mp.
You claw the juggernaut!
The juggernaut is lightly wounded.
You scratch the juggernaut but do no damage.
The juggernaut is lightly wounded.
You mangle the juggernaut!!
The juggernaut is moderately wounded.
You completely miss the juggernaut.
The juggernaut is moderately wounded.
You mangle the juggernaut!!
The juggernaut is heavily wounded.
You scratch the juggernaut but do no damage.
The juggernaut is heavily wounded.
You claw the juggernaut!
The juggernaut is heavily wounded.
You mangle the juggernaut!!
The juggernaut is severely wounded.
You scratch the juggernaut but do no damage.
The juggernaut is severely wounded.
You scratch the juggernaut but do no damage.
You claw the juggernaut, but do no damage.
The juggernaut is severely wounded.
The juggernaut hits you!!!!
Ouch! That really hurt!
You die...

Action                   |  1- 3 |  4- 6 |  7- 9 | 10-12 | 13-15 || total
-------------------------+-------+-------+-------+-------+-------++-------
Melee: Unarmed           |    18 |    35 |    41 |   241 |   124 ||   459
Invok: Heroism           |       |     1 |     3 |    12 |     5 ||    21
       Finesse           |       |       |       |     6 |     4 ||    10
 Abil: Evoke Invisibilit |       |       |       |       |     1 ||     1
Evoke: Wand              |       |     2 |     7 |     5 |       ||    14
  Use: Potion            |     1 |       |     1 |     7 |     3 ||    12
       Scroll            |       |       |     2 |     3 |     2 ||     7
 Stab: Sleeping          |     1 |       |     2 |     2 |       ||     5
       Invisible         |       |       |       |       |     3 ||     3
       Distracted        |       |       |       |       |     1 ||     1
  Eat: Chunk             |     3 |     1 |     6 |    23 |    11 ||    44
       Fruit             |       |       |       |       |     3 ||     3

Notes
Turn   | Place    | Note
--------------------------------------------------------------
     0 | D        | hexophile the Troll Monk began the quest for the Orb.
     0 | D        | Reached XP level 1. HP: 22/22 MP: 0/0
    12 | D        | Reached skill level 5 in Unarmed Combat
   105 | D        | Noticed a crimson imp
   105 | D        | Noticed an orc wizard
   105 | D        | Noticed a worker ant
   105 | D        | Noticed an ice beast
   115 | D        | Killed an ice beast
   115 | D        | Reached skill level 9 in Unarmed Combat
   115 | D        | Reached XP level 2. HP: 19/29 MP: 1/1
   115 | D        | Reached XP level 3. HP: 23/36 MP: 2/2
   115 | D        | Reached XP level 4. HP: 28/44 MP: 3/3
   125 | D        | Killed a worker ant
   125 | D        | Reached skill level 10 in Unarmed Combat
   133 | D        | Killed an orc wizard
   133 | D        | Reached XP level 5. HP: 21/50 MP: 4/4
   138 | D        | Reached skill level 11 in Unarmed Combat
   143 | D        | Killed a crimson imp
   231 | D        | Found a glowing silver altar of Zin.
   231 | D        | Found a glowing golden altar of the Shining One.
   231 | D        | Found an ancient bone altar of Kikubaaqudgha.
   231 | D        | Found a basalt altar of Yredelemnul.
   231 | D        | Found a shimmering altar of Xom.
   231 | D        | Found a radiant altar of Vehumet.
   232 | D        | Found an iron altar of Okawaru.
   233 | D        | Found a burning altar of Makhleb.
   234 | D        | Found a deep blue altar of Sif Muna.
   235 | D        | Found a bloodstained altar of Trog.
   236 | D        | Found a sparkling altar of Nemelex Xobeh.
   237 | D        | Found a white marble altar of Elyvilon.
   238 | D        | Found a roughly hewn altar of Beogh.
   239 | D        | Found a viscous altar of Jiyva.
   240 | D        | Found a corrupted altar of Lugonu.
   241 | D        | Found a blossoming altar of Fedhas.
   242 | D        | Found a snail-covered altar of Cheibriados.
   243 | D        | Found a shadowy altar of Dithmenos.
   244 | D        | Found a stormy altar of Qazlal.
   245 | D        | Found an opulent altar of Gozag.
   246 | D        | Found a sacrificial altar of Ru.
   268 | D        | Became a worshipper of Warmaster Okawaru
   268 | D        | Acquired Okawaru's first power
   303 | D        | Noticed a wasp
   303 | D        | Noticed a jelly
   303 | D        | Noticed an orc warrior
   303 | D        | Noticed a killer bee
   303 | D        | Noticed a giant frog
   306 | D        | Killed a jelly
   306 | D        | Reached skill level 12 in Unarmed Combat
   307 | D        | Killed a giant frog
   307 | D        | Reached XP level 6. HP: 56/59 MP: 5/5
   310 | D        | Killed a killer bee
   310 | D        | Reached skill level 13 in Unarmed Combat
   311 | D        | Killed an orc warrior
   311 | D        | Reached skill level 14 in Unarmed Combat
   315 | D        | Killed a wasp
   315 | D        | Reached XP level 7. HP: 62/67 MP: 3/6
   349 | D        | Noticed a jelly
   349 | D        | Noticed a hill giant
   349 | D        | Noticed a shadow
   360 | D        | Killed a shadow
   363 | D        | Killed a hill giant
   363 | D        | Reached skill level 5 in Dodging
   363 | D        | Reached skill level 15 in Unarmed Combat
   363 | D        | Reached XP level 8. HP: 17/83 MP: 5/7
   364 | D        | Killed a jelly
   582 | D        | Noticed a black mamba
   582 | D        | Noticed a crocodile
   582 | D        | Noticed an iguana
   582 | D        | Noticed a crocodile
   582 | D        | Noticed a water moccasin
   582 | D        | Noticed a hippogriff
   585 | D        | Killed a hippogriff
   587 | D        | Killed a water moccasin
   588 | D        | Noticed an iguana
   588 | D        | Killed a crocodile
   592 | D        | Noticed a steam dragon
   592 | D        | Killed an iguana
   594 | D        | Killed a crocodile
   597 | D        | Killed a black mamba
   597 | D        | Reached skill level 16 in Unarmed Combat
   600 | D        | Killed an iguana
   602 | D        | Reached XP level 9. HP: 66/93 MP: 6/8
   608 | D        | Killed a steam dragon
   672 | D        | Noticed a water moccasin
   672 | D        | Noticed a blink frog
   672 | D        | Noticed a seven-headed hydra
   672 | D        | Noticed a water moccasin
   672 | D        | Noticed a hippogriff
   677 | D        | Killed a hippogriff
   677 | D        | Reached skill level 1 in Armour
   678 | D        | Noticed a four-headed hydra
   680 | D        | Noticed a water moccasin
   680 | D        | Killed a blink frog
   681 | D        | Killed a water moccasin
   681 | D        | Acquired Okawaru's second power
   683 | D        | Noticed a porcupine
   683 | D        | Killed a water moccasin
   690 | D        | Killed a four-headed hydra
   691 | D        | Killed a seven-headed hydra
   691 | D        | Received a gift from Okawaru
   691 | D        | Reached XP level 10. HP: 8/107 MP: 7/9
   696 | D        | Killed a water moccasin
   696 | D        | Reached skill level 17 in Unarmed Combat
   697 | D        | Killed a porcupine
   697 | D        | Reached skill level 5 in Armour
   700 | D        | Got a polished halberd {god gift}
   751 | D        | Identified the +3 halberd "Koman" {freeze, rC++ Str+5} (Okawaru gifted it to you in the Dungeon)
   864 | D        | Noticed a black bear
   864 | D        | Noticed a black bear
   864 | D        | Noticed a polar bear
   864 | D        | Noticed a polar bear
   864 | D        | Noticed a polar bear
   864 | D        | Noticed a polar bear
   865 | D        | Noticed a polar bear
   867 | D        | Killed a polar bear
   867 | D        | Reached skill level 1 in Invocations
   874 | D        | Killed a polar bear
   875 | D        | Noticed a polar bear
   876 | D        | Killed a polar bear
   882 | D        | Killed a polar bear
   885 | D        | Killed a black bear
   887 | D        | Killed a polar bear
   892 | D        | Killed a polar bear
   892 | D        | Reached skill level 10 in Fighting
   893 | D        | Killed a black bear
  1034 | D        | Noticed an orc wizard
  1034 | D        | Noticed an orc wizard
  1034 | D        | Noticed an orc warrior
  1034 | D        | Noticed an orc warrior
  1034 | D        | Noticed an orc wizard
  1038 | D        | Killed an orc warrior
  1039 | D        | Noticed an orc warrior
  1040 | D        | Killed an orc warrior
  1041 | D        | Noticed an orc wizard
  1042 | D        | Killed an orc wizard
  1044 | D        | Killed an orc wizard
  1046 | D        | Killed an orc wizard
  1051 | D        | Killed an orc warrior
  1052 | D        | Noticed an orc warrior
  1053 | D        | Killed an orc wizard
  1062 | D        | Killed an orc warrior
  1086 | D        | Noticed an orc warrior
  1086 | D        | Noticed an orc warrior
  1086 | D        | Noticed an orc warrior
  1086 | D        | Noticed an orc warrior
  1086 | D        | Noticed an orc warrior
  1088 | D        | Noticed an orc priest
  1090 | D        | Noticed an orc sorcerer
  1093 | D        | Killed an orc warrior
  1096 | D        | Killed an orc warrior
  1097 | D        | Noticed an orc warrior
  1100 | D        | Killed an orc warrior
  1101 | D        | Noticed an orc warrior
  1105 | D        | Killed an orc sorcerer
  1105 | D        | Reached skill level 10 in Dodging
  1106 | D        | Noticed an orc warrior
  1110 | D        | Killed an orc warrior
  1111 | D        | Noticed an orc warrior
  1113 | D        | Killed an orc warrior
  1115 | D        | Killed an orc priest
  1119 | D        | Killed an orc warrior
  1121 | D        | Killed an orc warrior
  1126 | D        | Killed an orc warrior
  1127 | D        | Killed an orc warrior
  1127 | D        | Reached skill level 5 in Invocations
  1179 | D        | Found Yfooh's Food Boutique.
  1179 | D        | Noticed an orc priest
  1179 | D        | Noticed an orc high priest
  1179 | D        | Noticed an orc high priest
  1179 | D        | Noticed an orc priest
  1179 | D        | Noticed an orc priest
  1181 | D        | Noticed an orc priest
  1182 | D        | Killed an orc priest
  1187 | D        | Found Xeniyfa's Food Shop.
  1188 | D        | Killed an orc priest
  1193 | D        | Noticed an orc high priest
  1193 | D        | Killed an orc high priest
  1193 | D        | Received a gift from Okawaru
  1193 | D        | Reached XP level 11. HP: 80/119 MP: 11/14
  1198 | D        | Killed an orc high priest
  1199 | D        | Noticed an orc high priest
  1199 | D        | Killed an orc priest
  1202 | D        | Killed an orc priest
  1203 | D        | Found Qenneor's Book Boutique.
  1206 | D        | Killed an orc high priest
  1207 | D        | Killed an orc high priest
  1207 | D        | Reached skill level 18 in Unarmed Combat
  1211 | D        | Got a twisted cloak {god gift}
  1219 | D        | Identified the +1 cloak "Koxestraa" {+Inv rC+ rCorr} (Okawaru gifted it to you in the Dungeon)
  1306 | D        | Found Lijudozxe's Antique Weapon Shop.
  1307 | D        | Noticed an orc priest
  1308 | D        | Noticed an orc high priest
  1309 | D        | Noticed an orc priest
  1312 | D        | Killed an orc priest
  1313 | D        | Noticed an orc priest
  1316 | D        | Killed an orc high priest
  1317 | D        | Noticed an orc priest
  1320 | D        | Killed an orc priest
  1322 | D        | Killed an orc priest
  1325 | D        | Killed an orc priest
  1330 | D        | Bought a book of Changes for 325 gold pieces
  1336 | D        | Learned a level 5 spell: Blade Hands
  1530 | D        | Noticed Joseph
  1537 | D        | Killed Joseph
  1551 | D        | Noticed Eustachio
  1562 | D        | Killed Eustachio
  1562 | D        | Reached skill level 1 in Transmutations
  1572 | D        | Noticed Erica
  1586 | D        | Killed Erica
  1705 | D        | Noticed a centaur
  1705 | D        | Noticed a crimson imp
  1705 | D        | Noticed a wasp
  1706 | D        | Noticed a hippogriff
  1708 | D        | Noticed a freezing wraith
  1710 | D        | Killed a wasp
  1711 | D        | Noticed a frost giant
  1712 | D        | Killed a crimson imp
  1713 | D        | Noticed a white very ugly thing
  1714 | D        | Killed a centaur
  1717 | D        | Noticed an entropy weaver
  1720 | D        | Killed a hippogriff
  1723 | D        | Noticed a brown very ugly thing
  1726 | D        | Noticed a fire dragon
  1729 | D        | Noticed a hornet
  1732 | D        | Killed a frost giant
  1739 | D        | Killed a white very ugly thing
  1739 | D        | Received a gift from Okawaru
  1740 | D        | Noticed a great orb of eyes
  1816 | D        | Killed a freezing wraith
  1926 | D        | Killed an entropy weaver
  1960 | D        | Killed a fire dragon
  1960 | D        | Reached XP level 12. HP: 132/132 MP: 15/17
  1982 | D        | Killed a brown very ugly thing
  1985 | D        | Paralysed by a great orb of eyes for 6 turns
  1995 | D        | Killed a great orb of eyes
  1995 | D        | Reached skill level 5 in Transmutations
  2004 | D        | Gained mutation: Armour fits poorly on your strangely shaped body. [mutagenic meat]
  2005 | D        | Gained mutation: You are dopey. (Int -2) [mutagenic meat]
  2006 | D        | Gained mutation: You occasionally shout uncontrollably at your foes. [mutagenic meat]
  2007 | D        | Gained mutation: Your magical capacity is low (-10% MP). [mutagenic meat]
  2008 | D        | Gained mutation: You passively map a small area around you. [mutagenic meat]
  2009 | D        | Gained mutation: Your magical capacity is very low (-20% MP). [mutagenic meat]
  2010 | D        | Lost mutation: You are dopey. (Int -2) [potion of cure mutation]
  2010 | D        | Lost mutation: You passively map a small area around you. [potion of cure mutation]
  2010 | D        | Lost mutation: Armour fits poorly on your strangely shaped body. [potion of cure mutation]
  2010 | D        | Lost mutation: Your magical capacity is very low (-20% MP). [potion of cure mutation]
  2086 | D        | Noticed Maud
  2096 | D        | Killed Maud
  2096 | D        | Reached skill level 10 in Armour
  2217 | D        | Noticed a shock serpent
  2217 | D        | Noticed a naga sharpshooter
  2217 | D        | Noticed a guardian serpent
  2217 | D        | Noticed a black mamba
  2217 | D        | Noticed a shock serpent
  2217 | D        | Noticed a black mamba
  2226 | D        | Noticed a greater naga
  2230 | D        | Noticed a naga sharpshooter
  2233 | D        | Killed a naga sharpshooter
  2234 | D        | Killed a shock serpent
  2236 | D        | Killed a black mamba
  2238 | D        | Killed a black mamba
  2240 | D        | Noticed a black mamba
  2244 | D        | Killed a greater naga
  2244 | D        | Received a gift from Okawaru
  2247 | D        | Killed a black mamba
  2257 | D        | Killed a guardian serpent
  2261 | D        | Killed a shock serpent
  2270 | D        | Killed a naga sharpshooter
  2441 | D        | Got a crude glaive {god gift}
  2442 | D        | Identified the +6 glaive "Secret Weapon" {freeze, rElec rC- MR+} (Okawaru gifted it to you in the Dungeon)
  2506 | D        | Noticed a bog body
  2506 | D        | Noticed a shambling mangrove
  2506 | D        | Noticed a six-headed hydra
  2506 | D        | Noticed a swamp dragon
  2506 | D        | Noticed a ghost crab
  2506 | D        | Noticed a giant leech
  2513 | D        | Killed a giant leech
  2514 | D        | Noticed a spiny frog
  2515 | D        | Noticed a slime creature
  2516 | D        | Killed a ghost crab
  2520 | D        | Killed a swamp dragon
  2522 | D        | Killed a seven-headed hydra
  2528 | D        | Killed a shambling mangrove
  2529 | D        | Noticed a shadow
  2530 | D        | Killed a bog body
  2534 | D        | Killed a spiny frog
  2536 | D        | Killed a slime creature
  2541 | D        | Killed a shadow
  2542 | D        | Received a gift from Okawaru
  2619 | D        | Noticed a ghost moth
  2619 | D        | Noticed an emperor scorpion
  2619 | D        | Noticed a torpor snail
  2619 | D        | Noticed a spider
  2619 | D        | Noticed a trapdoor spider
  2619 | D        | Noticed a trapdoor spider
  2621 | D        | Killed a spider
  2621 | D        | Reached XP level 13. HP: 138/144 MP: 6/16
  2627 | D        | Killed a torpor snail
  2628 | D        | Noticed a boulder beetle
  2629 | D        | Noticed a wolf spider
  2636 | D        | Noticed a tarantella
  2649 | D        | Killed a ghost moth
  2840 | D        | Killed an emperor scorpion
  2863 | D        | Killed a wolf spider
  2900 | D        | Killed a boulder beetle
  2952 | D        | Killed a tarantella
  2971 | D        | Killed a trapdoor spider
  2973 | D        | Killed a trapdoor spider
  2980 | D        | Noticed a merfolk
  2980 | D        | Noticed a merfolk
  2980 | D        | Noticed a sea snake
  2980 | D        | Noticed a sea snake
  2980 | D        | Noticed a merfolk javelineer
  2981 | D        | Noticed a merfolk javelineer
  2997 | D        | Killed a merfolk javelineer
  3001 | D        | Killed a sea snake
  3006 | D        | Killed a sea snake
  3006 | D        | Reached skill level 10 in Transmutations
  3007 | D        | Noticed a cyclops
  3008 | D        | Noticed a merfolk
  3009 | D        | Killed a merfolk
  3016 | D        | Killed a merfolk javelineer
  3022 | D        | Killed a merfolk
  3027 | D        | Killed a cyclops
  3030 | D        | Killed a merfolk
  3268 | D        | Noticed a juggernaut
  3268 | D        | Noticed a vampire mage
  3268 | D        | Noticed a centaur warrior
  3268 | D        | Noticed an ice dragon
  3268 | D        | Noticed a stone giant
  3268 | D        | Noticed a yaktaur captain
  3271 | D        | Noticed a golden dragon
  3278 | D        | Killed a yaktaur captain
  3278 | D        | Received a gift from Okawaru
  3279 | D        | Noticed a deep troll earth mage
  3287 | D        | Killed a stone giant
  3288 | D        | Noticed a spriggan air mage
  3299 | D        | HP: 2/146 [juggernaut (69)]
  3531 | D        | Killed an ice dragon
  3609 | D        | Demolished by a juggernaut

Table legend:
 A = Turns spent in this place as a percentage of turns spent in the entire game.
 B = Non-inter-level travel turns spent in this place as a percentage of non-inter-level travel turns spent in the entire game.
 C = Inter-level travel turns spent in this place as a percentage of turns spent in this place.
 D = Turns resting spent in this place as a percentage of non-inter-level travel turns spent in this place.
 E = Turns spent auto-exploring this place as a percentage of non-inter-level travel turns spent in this place.
 F = Non-inter-level travel turns spent in this place divided by the number of levels of this place that you've seen.
                   A       B       C       D       E      F
               +-------+-------+-------+-------+-------+----------------------
         Total | 100.0 | 100.0 |   0.1 |   5.0 |   1.1 | 1670.0
       Dungeon | 100.0 | 100.0 |   0.1 |   5.0 |   1.1 | 1670.0
               +-------+-------+-------+-------+-------+----------------------

Table legend:
 A = Kills in this place as a percentage of kills in entire the game.
 B = Kills by you in this place as a percentage of kills by you in the entire game.
 C = Kills by friends in this place as a percentage of kills by friends in the entire game.
 D = Other kills in this place as a percentage of other kills in the entire game.
 E = Experience gained in this place as a percentage of experience gained in the entire game.
 F = Experience gained in this place divided by the number of levels of this place that you have seen.
                   A       B       C       D       E      F
               +-------+-------+-------+-------+-------+----------------------
         Total | 100.0 | 100.0 |  -nan | 100.0 | 100.0 | 50418.0
       Dungeon | 100.0 | 100.0 |  -nan | 100.0 | 100.0 | 50418.0
               +-------+-------+-------+-------+-------+----------------------

Vanquished Creatures
  A greater naga (D)
  A frost giant (D)
  Maud (D)
  An emperor scorpion (D)
  A stone giant (D)
  2 very ugly things (D)
  2 merfolk javelineers (D)
  A fire dragon (D)
  A yaktaur captain (D)
  An ice dragon (D)
  A great orb of eyes (D)
  An entropy weaver (D)
  3 hydras (D)
  A ghost crab (D)
  Erica (D)
  2 naga sharpshooters (D)
  5 orc high priests (D)
  2 shock serpents (D)
  2 sea snakes (D)
  A swamp dragon (D)
  A hill giant (D)
  A shambling mangrove (D)
  A wolf spider (D)
  A cyclops (D)
  An orc sorcerer (D)
  4 black mambas (D)
  Joseph (D)
  A spiny frog (D)
  A torpor snail (D)
  A guardian serpent (D)
  3 merfolk (D)
  A blink frog (D)
  A merfolk (shapeshifter) (D)
  6 polar bears (D)
  A freezing wraith (D)
  A bog body (D)
  A boulder beetle (D)
  A slime creature (D)
  2 trapdoor spiders (D)
  2 shadows (D)
  Eustachio (D)
  A steam dragon (D)
  A tarantella (D)
  3 hippogriffs (D)
  14 orc warriors (D)
  4 water moccasins (D)
  A porcupine (D)
  2 black bears (D)
  An ice beast (D)
  A spider (D)
  3 wasps (D)
  A centaur (D)
  2 crocodiles (D)
  A giant frog (D)
  A killer bee (D)
  2 crimson imps (D)
  9 orc priests (D)
  2 jellies (D)
  5 orc wizards (D)
  2 iguanas (D)
  A worker ant (D)
  A sheep (D)
  A river rat (D)
  A shadow imp (D)
  An adder zombie (D)
  An adder skeleton (D)
  6 orcs (D)
  2 bat skeletons (D)
  A bat zombie (D)
  A giant cockroach (D)
  A goblin (D)
  A hobgoblin (D)
  A giant gecko zombie (D)
  2 kobolds (D)
  A quokka skeleton (D)
142 creatures vanquished.

Vanquished Creatures (others)
  A ghost moth (D)
  A giant leech (D)
2 creatures vanquished.

Grand Total: 144 creatures vanquished
